 Dungeon Crawl Stone Soup version 0.20.0-8-g6b59dc7 (webtiles) character file.

159 mike2R the Conjurer (level 5, 0/28 HPs)
             Began as a Deep Elf Conjurer on May 30, 2017.
             Slain by Amnesiac's ghost (3 damage)
             ... on level 3 of the Dungeon.
             The game lasted 00:15:34 (2471 turns).

mike2R the Conjurer (Deep Elf Conjurer)             Turns: 2471, Time: 00:15:35

Health: 0/28       AC:  2    Str:  5    XL:     5   Next: 17%
Magic:  0/13       EV: 13    Int: 21    God:
Gold:   67         SH:  0    Dex: 15    Spells: 2/12 levels left

rFire    . . .     SeeInvis .   f - +0 short sword
rCold    . . .     Gourm    .   (no shield)
rNeg     . . .     Faith    .   a - +0 robe
rPois    .         Spirit   .   (no helmet)
rElec    .         Reflect  .   (no cloak)
rCorr    .         Harm     .   (no gloves)
MR       .....                  (no boots)
Stlth    ++........             m - amulet of regeneration
Regen    0.5/turn               (no ring)
MPRegen  0.2/turn               (no ring)

@: very slightly contaminated
A: no striking features
a: no special abilities


You were on level 3 of the Dungeon.
You were not hungry.

You visited 1 branch of the dungeon, and saw 3 of its levels.

You collected 67 gold pieces.

Inventory:

Hand Weapons
 f - a +0 short sword (weapon)
Missiles
 h - 87 stones (quivered)
Armour
 a - a +0 robe (worn)
 s - a +0 leather armour
Jewellery
 m - an amulet of regeneration (around neck)
Scrolls
 d - 2 scrolls of teleportation {unknown}
 e - a scroll of blinking
 g - 2 scrolls of remove curse
 i - a scroll of enchant weapon {unknown}
 j - a scroll of magic mapping {unknown}
 k - a scroll of identify
 l - a scroll of immolation {unknown}
 r - a scroll of enchant armour {unknown}
Potions
 o - 3 potions of haste
 p - a potion of cancellation
 t - a potion of degeneration {unknown}
Books
 b - a book of Conjurations

   Spells                             Type                      Level
   a - Magic Dart                     Conjuration                  1
   b - Searing Ray                    Conjuration                  2
   c - Dazzling Spray                 Conjuration/Hexes            3
   d - Fulminant Prism                Conjuration/Hexes            4
   e - Force Lance                    Conjuration/Translocation    4
   f - Iskenderun's Mystic Blast      Conjuration                  4
Comestibles
 c - 4 bread rations
 n - 2 royal jellies
 q - a chunk of flesh
 u - a fruit


   Skills:
 - Level 0.4 Fighting
 - Level 0.2 Short Blades
 - Level 2.5 Dodging
 - Level 2.4 Stealth
 + Level 4.0 Spellcasting
 + Level 6.6 Conjurations


You had 2 spell levels left.
You knew the following spells:

 Your Spells              Type           Power        Failure   Level  Hunger
a - Magic Dart            Conj           ####         1%          1    None
b - Searing Ray           Conj           ####..       1%          2    #......
c - Dazzling Spray        Conj/Hex       ###...       9%          3    ###....
d - Iskenderun's Mystic   Conj           ####....     8%          4    ####...


Dungeon Overview and Level Annotations

Branches:
Dungeon (3/15)

Altars:
Gozag

Annotations:
D:3 Amnesiac's ghost, amateur CeFE


Message History

The flame tongue misses you.
You hit Amnesiac's ghost but do no damage.
Amnesiac's ghost is almost destroyed.
Amnesiac's ghost gestures at you while chanting.
The flame tongue misses you.
Okay, then.
You hit Amnesiac's ghost but do no damage.
Amnesiac's ghost is almost destroyed.
Amnesiac's ghost barely misses you.
You hit Amnesiac's ghost but do no damage.
Amnesiac's ghost is almost destroyed.
You hit Amnesiac's ghost but do no damage.
Amnesiac's ghost is almost destroyed.
Amnesiac's ghost hits you.
* * * LOW HITPOINT WARNING * * *
You hit Amnesiac's ghost but do no damage.
Amnesiac's ghost is almost destroyed.
You feel yourself slow down. Amnesiac's ghost hits you.
You die...

.. .....# #.# #. #..#.#
##.## #W##..#.# #...#
#.###.<)....# #...#
#.........### #...#
#..####...# #...# # ...
###...# ######...#####.#
.
#.....###..)...........#
#.#.#...W@.[............
#.#.#####...............
. ..# ######...#######
##.### #...# #. #...## #
#....## ##รท....##
##.[.....##
#########.........#


You could see Amnesiac's ghost.

Vanquished Creatures
  An orc priest (D:3)
  An orc wizard (D:3)
  2 gnolls (D:2)
  A worm (D:2)
  2 dart slugs (D:1)
  2 leopard geckos
  9 orcs
  A ball python (D:1)
  6 bats
  3 giant cockroaches (D:1)
  3 goblins
  9 hobgoblins
  6 jackals
  4 kobolds (D:1)
  3 quokkas
  A frilled lizard (D:1)
  7 rats
61 creatures vanquished.

Notes
Turn   | Place    | Note
-------+----------+-------------------------------------------
     0 | D:1      | mike2R the Deep Elf Conjurer began the quest for the Orb.
     0 | D:1      | Reached XP level 1. HP: 10/10 MP: 6/6
   173 | D:1      | Reached XP level 2. HP: 15/15 MP: 8/8
   201 | D:1      | Reached skill level 5 in Conjurations
   205 | D:1      | Learned a level 2 spell: Searing Ray
   518 | D:1      | Reached XP level 3. HP: 19/19 MP: 4/9
   888 | D:2      | Found an opulent altar of Gozag.
  1283 | D:2      | Learned a level 3 spell: Dazzling Spray
  1702 | D:2      | Reached skill level 6 in Conjurations
  1702 | D:2      | Reached XP level 4. HP: 24/24 MP: 2/10
  2293 | D:3      | Noticed Amnesiac's ghost (amateur CeFE)
  2351 | D:3      | Reached XP level 5. HP: 15/28 MP: 6/13
  2357 | D:3      | Learned a level 4 spell: Iskenderun's Mystic Blast
  2471 | D:3      | Slain by Amnesiac's ghost

Skill      XL: |  1  2  3  4 |
---------------+-------------+-----
Conjurations   | 5 6 |  6.6
Spellcasting   | 4 |  4.0
Fighting       | |  0.4
Short Blades   | |  0.2
Dodging        | |  2.5
Stealth        | |  2.4

Action                   |  1- 3 |  4- 6 || total
-------------------------+-------+-------++-------
Melee: Whip              |     4 |       ||     4
       Short sword       |    20 |    11 ||    31
Throw: Stone             |       |     1 ||     1
 Cast: Magic Dart        |    68 |    27 ||    95
       Searing Ray       |     5 |     4 ||     9
       Dazzling Spray    |       |     3 ||     3
  Use: Scroll            |     2 |     2 ||     4
       Potion            |       |     1 ||     1
 Stab: Sleeping          |     1 |       ||     1
  Eat: Chunk             |     2 |     3 ||     5
Armor: Robe              |     1 |     2 ||     3
Dodge: Dodged            |    28 |     7 ||    35
